General information
			
			
        
        - name: BNet
 
        - type: Ladder team game (AT/RT)
 
        - host: Battle.net
 
        - saver: RENEGADE_WIZARD
 
        
map: MarketSquare 
        - players: 8
 
        - length: 25:21
 
        - speed: Fast
 - version: 1.22 W3XP
 - replay type:  Public
 
» download(107 KB)
Players
        team 1 (winner) 
              
              
RENEGADE_WIZARD (
orange | 79 APM | 2012 actions | 25:21)
              
 8 Death Knight 
 3 Death Coil
 3 Unholy Aura
 1 Animate Dead
 1 Death Pact
 6 Lich 
 3 Frost Nova
 2 Dark Ritual
 1 Death and Decay
 4 Crypt Lord 
 2 Impale
 2 Spiked Carapace
 
                » actions 
                
                | Assign group hotkey | 73 |  | 
| Basic commands | 102 |  | 
| Build / train | 86 |  | 
| Enter build submenu | 23 |  | 
| Enter hero's abilities submenu | 18 |  | 
| Give item / drop item | 2 |  | 
| Right click | 899 |  | 
| Select / deselect | 324 |  | 
| Select group hotkey | 388 |  | 
| Use ability | 97 |  | 
                2012 total
 » units 
                
                | Acolyte | 12 |  | 
| Ghoul | 4 |  | 
| Crypt Fiend | 12 |  | 
| Frost Wyrm | 4 |  | 
                32 total
 » upgrades
                
                | Web | 1 |  | 
| Creature Attack | 3 |  | 
| Freezing Breath | 1 |  | 
| Creature Carapace | 2 |  | 
                7 total
 » buildings
                
                | Crypt | 1 |  | 
| Graveyard | 1 |  | 
| Altar of Darkness | 1 |  | 
| Ziggurat | 12 |  | 
| Tomb of Relics | 1 |  | 
| Necropolis | 2 |  | 
| Halls of the Dead | 1 |  | 
| Nerubian Tower | 2 |  | 
| Spirit Tower | 2 |  | 
| Black Citadel | 1 |  | 
| Sacrificial Pit | 1 |  | 
| Boneyard | 2 |  | 
                27 total
 » build order
                00:16 Crypt
00:18 Graveyard
00:43 Altar of Darkness
01:01 Ziggurat
01:28 Tomb of Relics
02:14 Ziggurat
02:41 Ziggurat
03:09 Necropolis
05:09 Ziggurat
05:35 Halls of the Dead
05:54 Ziggurat
06:26 Nerubian Tower
07:03 Spirit Tower
07:05 Ziggurat
07:08 Ziggurat
08:04 Nerubian Tower
11:21 Black Citadel
11:24 Sacrificial Pit
11:26 Ziggurat
11:52 Necropolis
12:45 Ziggurat
14:48 Boneyard
14:48 Boneyard
15:35 Ziggurat
15:35 Ziggurat
15:35 Ziggurat
16:41 Spirit Tower
» items
                
                | Rod of Necromancy | 2 |  | 
| Scroll of Healing | 1 |  | 
| Potion of Lesser Invulnerability | 1 |  | 
| Scroll of Town Portal | 4 |  | 
| Scroll of Protection | 1 |  | 
| Potion of Healing | 3 |  | 
| Orb of Corruption | 1 |  | 
                13 total
  
               
              
              
Wolverine20 (
purple | 38 APM | 966 actions | 25:14)
              
 8 Demon Hunter 
 3 Mana Burn
 3 Evasion
 1 Metamorphosis
 1 Immolation
 1 Priestess of the Moon 
 1 Trueshot Aura
 
                » actions 
                
                | Basic commands | 97 |  | 
| Build / train | 69 |  | 
| Enter build submenu | 18 |  | 
| Enter hero's abilities submenu | 9 |  | 
| Remove unit from queue | 2 |  | 
| Right click | 324 |  | 
| Select / deselect | 404 |  | 
| Use ability | 43 |  | 
                966 total
 » units 
                » upgrades
                
                | Moon Armor | 3 |  | 
| Strength of the Moon | 4 |  | 
| Upgrade Moon Glaive | 1 |  | 
| Well Spring | 1 |  | 
| Sentinel | 1 |  | 
                10 total
 » buildings
                
                | Altar of Elders | 2 |  | 
| Moon Well | 8 |  | 
| Ancient of War | 3 |  | 
| Hunter's Hall | 1 |  | 
| Tree of Life | 1 |  | 
| Tree of Ages | 1 |  | 
| Tree of Eternity | 1 |  | 
| Ancient of Wonders | 1 |  | 
| Ancient of Lore | 1 |  | 
                19 total
 » build order
                00:10 Altar of Elders
00:17 Moon Well
01:06 Altar of Elders
01:40 Moon Well
02:25 Ancient of War
02:31 Ancient of War
02:37 Moon Well
02:46 Hunter's Hall
03:55 Moon Well
04:40 Ancient of War
05:46 Moon Well
06:34 Tree of Life
07:42 Tree of Ages
11:20 Moon Well
11:24 Moon Well
11:32 Tree of Eternity
13:30 Ancient of Wonders
18:31 Moon Well
23:47 Ancient of Lore
» items
                
                | Scroll of Town Portal | 2 |  | 
| Orb of Venom | 1 |  | 
                3 total
  
               
              
              
ButtCork (
yellow | 5 APM | 82 actions | 16:37)
              
                » actions 
                
                | Basic commands | 6 |  | 
| Remove unit from queue | 1 |  | 
| Right click | 12 |  | 
| Select / deselect | 24 |  | 
| Use ability | 39 |  | 
                82 total
  
               
              
              
foxox (
blue | 0 APM | 0 actions | 00:53)
              
               team 2 (loser) 
              
              
Sezosan (
green | 29 APM | 25 actions | 00:51)
              
                » actions 
                
                | Build / train | 3 |  | 
| Enter build submenu | 4 |  | 
| Right click | 7 |  | 
| Select / deselect | 7 |  | 
| Use ability | 4 |  | 
                25 total
 » units 
                » buildings
                
                | Farm | 1 |  | 
| Altar of Kings | 1 |  | 
| Blacksmith | 1 |  | 
| Lumber Mill | 1 |  | 
                4 total
 » build order
                00:23 Farm
00:27 Altar of Kings
00:31 Blacksmith
00:37 Lumber Mill
 
               
              
              
TimesUp (
teal | 46 APM | 981 actions | 21:08)
              
 1 Archmage 
 1 Brilliance Aura
 2 Death Knight 
 1 Death Coil
 1 Unholy Aura
 
                » actions 
                
                | Build / train | 90 |  | 
| Enter build submenu | 38 |  | 
| Enter hero's abilities submenu | 4 |  | 
| Right click | 508 |  | 
| Select / deselect | 283 |  | 
| Use ability | 58 |  | 
                981 total
 » units 
                
                | Acolyte | 3 |  | 
| Peon | 3 |  | 
| Ghoul | 12 |  | 
| Peasant | 5 |  | 
| Footman | 8 |  | 
| Rifleman | 5 |  | 
| Abomination | 7 |  | 
| Gryphon Rider | 11 |  | 
| Obsidian Statue | 1 |  | 
                55 total
 » upgrades
                
                | Disease Cloud | 1 |  | 
| Lumber Harvesting | 1 |  | 
| Unholy Strength | 1 |  | 
| Storm Hammers | 1 |  | 
                4 total
 » buildings
                
                | Crypt | 1 |  | 
| Altar of Darkness | 1 |  | 
| Ziggurat | 6 |  | 
| Graveyard | 1 |  | 
| Farm | 7 |  | 
| Barracks | 1 |  | 
| Tomb of Relics | 2 |  | 
| Blacksmith | 1 |  | 
| Nerubian Tower | 1 |  | 
| Scout Tower | 11 |  | 
| Halls of the Dead | 1 |  | 
| Guard Tower | 7 |  | 
| Keep | 1 |  | 
| Spirit Tower | 2 |  | 
| Black Citadel | 7 |  | 
| Slaughterhouse | 2 |  | 
| Gryphon Aviary | 2 |  | 
| Castle | 1 |  | 
                55 total
 » build order
                00:20 Crypt
00:27 Altar of Darkness
00:39 Ziggurat
01:20 Graveyard
01:36 Farm
02:12 Ziggurat
02:26 Barracks
02:36 Farm
02:51 Tomb of Relics
03:06 Blacksmith
03:13 Farm
03:36 Nerubian Tower
03:52 Farm
03:56 Scout Tower
04:00 Ziggurat
04:09 Halls of the Dead
04:27 Tomb of Relics
04:41 Guard Tower
04:48 Farm
04:59 Ziggurat
06:00 Keep
06:15 Spirit Tower
06:34 Scout Tower
06:50 Black Citadel
06:50 Black Citadel
06:50 Black Citadel
06:50 Black Citadel
07:03 Scout Tower
07:45 Slaughterhouse
07:52 Slaughterhouse
07:57 Ziggurat
08:11 Spirit Tower
10:11 Gryphon Aviary
10:13 Castle
10:22 Ziggurat
11:08 Gryphon Aviary
12:13 Farm
12:15 Farm
16:36 Scout Tower
16:39 Scout Tower
17:12 Scout Tower
17:15 Scout Tower
17:18 Scout Tower
17:19 Guard Tower
17:40 Guard Tower
17:44 Scout Tower
17:58 Guard Tower
18:01 Scout Tower
18:04 Scout Tower
18:32 Guard Tower
18:34 Guard Tower
18:36 Guard Tower
» items
                
                | Rod of Necromancy | 1 |  | 
| Dust of Appearance | 1 |  | 
| Potion of Healing | 3 |  | 
                5 total
  
               
              
              
Hinten (
pink | 0 APM | 0 actions | 25:21)
              
               
              
              
DoubleGreatest (
red | 30 APM | 753 actions | 25:13)
              
 3 Mountain King 
 2 Storm Bolt
 1 Bash
 2 Archmage 
 1 Summon Water Elemental
 1 Blizzard
 3 Far Seer 
 1 Feral Spirit
 2 Chain Lighting
 
                » actions 
                
                | Assign group hotkey | 9 |  | 
| Build / train | 93 |  | 
| Enter build submenu | 30 |  | 
| Enter hero's abilities submenu | 9 |  | 
| Remove unit from queue | 1 |  | 
| Right click | 170 |  | 
| Select / deselect | 296 |  | 
| Select group hotkey | 63 |  | 
| Use ability | 82 |  | 
                753 total
 » units 
                
                | Peasant | 7 |  | 
| Peon | 5 |  | 
| Footman | 11 |  | 
| Grunt | 6 |  | 
| Rifleman | 3 |  | 
| Wind Rider | 5 |  | 
| Gryphon Rider | 2 |  | 
| Knight | 19 |  | 
| Raider | 10 |  | 
                68 total
 » upgrades
                
                | Melee Weapons | 1 |  | 
| Swords | 1 |  | 
| Plating | 2 |  | 
| Ranged Weapons | 1 |  | 
| Defend | 1 |  | 
| Lumber Harvesting | 1 |  | 
| Animal War Training | 1 |  | 
| Ensnare | 1 |  | 
                9 total
 » buildings
                
                | Farm | 16 |  | 
| Altar of Kings | 1 |  | 
| Barracks | 4 |  | 
| Orc Burrow | 6 |  | 
| Altar of Storms | 1 |  | 
| War Mill | 1 |  | 
| Lumber Mill | 1 |  | 
| Stronghold | 1 |  | 
| Keep | 1 |  | 
| Blacksmith | 1 |  | 
| Scout Tower | 7 |  | 
| Gryphon Aviary | 2 |  | 
| Beastiary | 2 |  | 
| Fortress | 1 |  | 
| Guard Tower | 1 |  | 
| Castle | 1 |  | 
| Watch Tower | 9 |  | 
                56 total
 » build order
                00:12 Farm
00:18 Altar of Kings
01:09 Farm
01:28 Barracks
01:37 Orc Burrow
01:49 Altar of Storms
01:59 Farm
02:31 Barracks
02:44 Farm
02:54 Orc Burrow
03:03 Barracks
03:07 Barracks
03:27 Farm
03:58 Orc Burrow
04:10 Farm
04:30 War Mill
04:55 Lumber Mill
05:50 Stronghold
05:54 Keep
06:07 Blacksmith
06:14 Farm
06:18 Farm
06:20 Farm
06:21 Farm
06:22 Farm
07:34 Scout Tower
07:36 Scout Tower
07:37 Scout Tower
07:38 Scout Tower
10:38 Gryphon Aviary
10:39 Gryphon Aviary
10:55 Beastiary
10:57 Beastiary
11:01 Fortress
11:09 Guard Tower
11:18 Castle
11:30 Orc Burrow
11:31 Orc Burrow
11:32 Orc Burrow
15:23 Watch Tower
15:24 Watch Tower
15:25 Watch Tower
15:27 Watch Tower
15:27 Watch Tower
15:28 Watch Tower
20:18 Farm
20:19 Farm
20:20 Farm
20:21 Farm
22:10 Watch Tower
22:11 Watch Tower
22:12 Watch Tower
22:20 Farm
23:45 Scout Tower
23:46 Scout Tower
23:47 Scout Tower
 
                Chat log
          (00:04 / All) ButtCork: dont leave
(00:10 / All) TimesUp: take ure advice oj an dleave
(00:32 / Allies) Wolverine20: yellow
(00:34 / Allies) Wolverine20: why
(00:45 / Allies) Wolverine20: holy shit blue isn't even here
(00:51 / Allies) RENEGADE_WIZARD: wow
(00:55 / All) RENEGADE_WIZARD: leave
(01:20 / Allies) Wolverine20: fuck you yellow
(01:23 / Allies) Wolverine20: what is wrong with you
(01:24 / Allies) RENEGADE_WIZARD: don't leave
(01:31 / Allies) Wolverine20: why
(01:49 / Allies) RENEGADE_WIZARD: just expo their bases
(01:59 / All) ButtCork: ;p; hide the tree!
(02:07 / All) ButtCork: thats what my ally does
(02:08 / Allies) Wolverine20: yellow what is wrong with your life that you waste your time and our time with this shit
(04:31 / Allies) Wolverine20: yellow gtfo what are u still doing here
(04:37 / All) ButtCork: spyin
(04:48 / Allies) Wolverine20: you really are a piece of shit loser
(04:54 / Allies) Wolverine20: go slit ur wrists in mommy's basement
(07:01 / All) ButtCork: should hit ojs xpo
(07:15 / All) TimesUp: wher eis it
(07:22 / All) ButtCork: next base'
(07:27 / All) Wolverine20: can u not listen to this emo fucking noob
(07:27 / Allies) RENEGADE_WIZARD: help me defend it purp
(07:34 / Allies) Wolverine20: hates his life so he tries to fuck with everyone
(08:21 / Allies) RENEGADE_WIZARD: TP
(08:34 / Allies) RENEGADE_WIZARD: i
(08:37 / Allies) RENEGADE_WIZARD: will be back
(10:38 / All) ButtCork: oh purp bha ha oh purp baha cause of me u now suck chockha!
(10:58 / Allies) Wolverine20: u are an epic loser
(11:01 / Allies) Wolverine20: srsly kill urself
(11:05 / Allies) Wolverine20: what does daddy not like u enough?
(11:42 / All) ButtCork: ojs hgoin 4 2 more mines!
(11:54 / All) Wolverine20: srsly
(12:00 / All) ButtCork: kill main base
(12:04 / All) Wolverine20: for the sake of sportsmanship pls squelch him
(12:25 / Allies) ButtCork: ojis in mid
(12:30 / All) ButtCork: oj in middle
(12:45 / All) ButtCork: purp xpo on right of middle
(12:56 / All) ButtCork: and undefended
(13:02 / All) TimesUp: kk
(13:16 / All) ButtCork: ojs now there
(13:19 / All) ButtCork: so watch out
(13:50 / Allies) RENEGADE_WIZARD: omw
(14:36 / Allies) RENEGADE_WIZARD: b
(14:37 / Allies) RENEGADE_WIZARD: towers
(14:50 / All) ButtCork: there gonna build towers
(15:29 / Allies) Wolverine20: healing real quick
(15:38 / All) ButtCork: purps healin
(16:09 / All) ButtCork: NOT GOOD!
(16:20 / Allies) Wolverine20: main
(16:37 / All) RENEGADE_WIZARD: leave
(16:45 / All) Wolverine20: u guys fucking suck
(16:53 / Allies) Wolverine20: a dropper, a bs'er and a spy
(16:55 / All) DoubleGreatest: really?
(17:01 / All) Wolverine20: we have two armies
(17:07 / Allies) Wolverine20: one guy dropped and the bs'er killed his base
(19:12 / Allies) Wolverine20: go somewhere else
(20:26 / Allies) RENEGADE_WIZARD: coming
(20:32 / Allies) RENEGADE_WIZARD: autocast mw
(20:48 / Allies) RENEGADE_WIZARD: uproot aow
(20:53 / Allies) Wolverine20: web
(21:11 / All) RENEGADE_WIZARD: LEAVE
(21:12 / All) RENEGADE_WIZARD: FAGGOTS
(21:13 / All) RENEGADE_WIZARD: LEAVE
(21:53 / All) RENEGADE_WIZARD: for more rt noobs getting fucked in the eyes, visit http://highper.ch/ for more replays.
(22:13 / Allies) Wolverine20: dude great job
(22:17 / Allies) Wolverine20: can't believe we're winning this
(22:19 / Allies) Wolverine20: fucking 4v2
(22:40 / Allies) Wolverine20: i know hunts are noob but i wanted to just overwhelm them w numbers early to kill that base at the bottom
(22:48 / Allies) RENEGADE_WIZARD: what if i just bs'd you
(22:52 / Allies) RENEGADE_WIZARD: how fucked up would that be
(23:04 / Allies) Wolverine20: that would be pretty ridiculous at this point
(23:05 / Allies) Wolverine20: lol
(23:07 / Allies) Wolverine20: so please done
(23:09 / Allies) Wolverine20: dont
(23:15 / Allies) RENEGADE_WIZARD: no i'm not lol